Map: Port Aleksander LE

Players

Aethyr - Winner!

  • Race: Zerg Zerg
  • League: Platinum
  • Spawn Location: 5:00

ахтем

  • Race: Protoss Protoss
  • League: Platinum
  • Spawn Location: 11:00

VOD

Have the link to the VOD?

Description

Time

  • Played on: March 20, 2019, 8:18 a.m.
  • Length: 4:19
Show
View Real Time Build Order
Export as new Build Order

Aethyr Zerg - Winner!

Build Orders: Hatch First 

Get SALT Encoding   

  12  0:01  Drone  
  13  0:13  Overlord  
  13  0:18  Drone  
  14  0:32  Drone  
  14  0:33  Drone  
  16  0:38  Drone  
  17  0:54  Hatchery  
  16  0:57  Drone  
  16  1:00  Drone  
  18  1:11  Extractor  
  17  1:15  Spawning Pool  
  17  1:18  Drone  
  18  1:25  Drone  
  18  1:45  Drone  
  19  1:47  Overlord  
  19  2:00  Drone  
  20  2:02  Queen  
  20  2:07  Queen, Zergling x2  
  25  2:09  Drone  
  26  2:20  Drone  
  26  2:21  Drone  
  28  2:23  Metabolic Boost  
  28  2:29  Drone  
  30  2:30  Drone  
  30  2:39  Spine Crawler, Zergling x4  
  31  2:46  Zergling x2  
  31  2:51  Zergling x2  
  33  2:57  Spine Crawler  
  32  2:59  Zergling x2  
  32  3:00  Overlord  
  33  3:06  Zergling x2  
  34  3:19  Zergling x2  
  26  3:31  Zergling x2  
  26  3:32  Zergling x12  
  31  3:35  Spine Crawler  
  31  3:36  Spine Crawler  
  28  3:49  Zergling x6  
Show
View Real Time Build Order
Export as new Build Order

ахтем Protoss 

Build Orders:  

Get SALT Encoding   

  12  0:07  Probe  
  13  0:19  Probe  
  14  0:31  Probe  
  15  0:41  Pylon  
  15  1:01  Gateway  
  15  1:05  Gateway  
  15  1:07  Gateway  
  15  1:10  Pylon  
  15  1:45  Zealot x2  
  15  1:50  Zealot  
  21  2:09  Zealot  
  21  2:11  Zealot  
  25  2:18  Zealot  
  27  2:31  Zealot  
  29  2:38  Zealot  
  30  3:20  Zealot  
Tags
 
Add a new tag
Caveats
  • Supply blocks, unpowered buildings, or Contaminate may cause inaccurate times.
  • Supply counts are checked every 10 seconds.